 Dungeon Crawl Stone Soup version 0.23.0-2-g0fe3ce5 (webtiles) character file.

Game seed: 3736181554176796016

246198 Monsterracer the Imperceptible (level 18, -20/84 HPs)
             Began as a Spriggan Enchanter on Feb 19, 2019.
             Was the Champion of Ashenzari.
             Killed from afar by a Hell Sentinel (35 damage)
             ... with damnation
             ... on level 5 of the Realm of Zot.
             The game lasted 02:36:19 (41510 turns).

Monsterracer the Imperceptible (SpEn)              Turns: 41510, Time: 02:36:19

Health: -20/84     AC: 14    Str:  5      XL:     18   Next: 29%
Magic:  32/34      EV: 49    Int: 22      God:    Ashenzari [******]
Gold:   1126       SH:  8    Dex: 17 (20) Spells: 6/39 levels left

rFire    + + +     SeeInvis +   i - +9 dagger "Uchell" {vamp, *Rage rElec rF+++ Dex-5} (curse)
rCold    . . .     Gourm    .   D - +0 buckler {reflect} (curse)
rNeg     . . .     Faith    .   u - +2 robe {rF+} (curse)
rPois    +         Spirit   .   (helmet restricted)
rElec    +         Reflect  +   F - +1 cloak (curse)
rCorr    .         Harm     .   (gloves unavailable)
MR       +++..     Clarity  +   (boots unavailable)
Stlth    ++........             y - amulet of the Air {Inacc +Fly rElec EV+5 RMsl} (curse)
HPRegen  0.24/turn              p - ring of Robustness {AC+8} (curse)
MPRegen  0.24/turn              E - ring of the Three Shrikes {+Blink rPois Dex+2} (curse)

@: agile, about to teleport, marked, contaminated, hasted, glowing, repel
missiles, very quick
A: very small, unfitting armour, see invisible, herbivore, speed 3, frail 1,
electricity resistance, slow metabolism 2
0: Orb of Zot
}: 3/15 runes: serpentine, barnacled, abyssal
a: Curse Item, Scrying, Transfer Knowledge, Renounce Religion, Evoke Blink,
Evoke Flight


You were on level 5 of the Realm of Zot.
You worshipped Ashenzari.
Ashenzari was exalted by your worship.
You were not hungry.

You visited 8 branches of the dungeon, and saw 42 of its levels.
You visited the Abyss 2 times.
You also visited: Ossuary.

You collected 2800 gold pieces.
You spent 1674 gold pieces at shops.

Inventory:

Hand Weapons
 a - a +6 dagger of electrocution
 i - the cursed +9 dagger "Uchell" (weapon) {vamp, *Rage rElec rF+++ Dex-5}
   (You acquired it on level 4 of the Lair of Beasts)

   It inflicts no extra harm, but heals its wielder when it wounds a living foe.
   It affects your dexterity (-5).
   It renders you almost immune to fire.
   It insulates you from electricity.
   It may make you go berserk in combat.
   It has a curse placed upon it.
Missiles
 K - 4 throwing nets (quivered) {!f}
Armour
 u - a cursed +2 robe of fire resistance (worn)
 D - a cursed +0 buckler of reflection (worn)
 F - a cursed +1 cloak (worn)
Jewellery
 p - the cursed ring of Robustness (left hand) {AC+8}
   (You found it on level 3 of the Lair of Beasts)

   [ring of protection]

   It affects your AC (+8).
   It has a curse placed upon it.
 y - the cursed amulet of the Air (around neck) {Inacc +Fly rElec EV+5 RMsl}
   (You found it on level 7 of the Dungeon)

   [amulet of inaccuracy]

   It reduces the accuracy of all your attacks.
   It affects your evasion (+5).
   It insulates you from electricity.
   It lets you fly.
   It protects you from missiles.
   It has a curse placed upon it.
 E - the cursed ring of the Three Shrikes (right hand) {+Blink rPois Dex+2}
   (You found it on level 6 of the Lair of Beasts)

   [ring of poison resistance]

   It affects your dexterity (+2).
   It protects you from poison.
   It lets you blink.
   It has a curse placed upon it.
Wands
 w - a wand of clouds (3)
 A - a wand of disintegration (6)
 C - a wand of acid (22)
 H - a wand of digging (11)
 L - a wand of enslavement (19)
 N - a wand of iceblast (23)
Scrolls
 b - a scroll of silence
 f - 9 scrolls of identify
 k - a scroll of fear {!r}
 l - 3 scrolls of brand weapon
 n - 3 scrolls of holy word
 o - 3 scrolls of amnesia
 r - 3 scrolls of remove curse
 s - a scroll of summoning {!r}
 t - 2 scrolls of teleportation {!r}
 P - a scroll of vulnerability
 Q - a scroll of fog
 X - 6 scrolls of blinking
Potions
 d - 3 potions of heal wounds
 e - 17 potions of curing
 g - 2 potions of agility
 h - 5 potions of haste
 j - a potion of might
 v - 6 potions of mutation {!q}
 x - 4 potions of lignification
 z - 5 potions of brilliance
 B - a potion of invisibility
 I - 2 potions of berserk rage {!q}
 J - 2 potions of cancellation
 O - 2 potions of flight
 R - a potion of magic
Miscellaneous
 q - a lamp of fire
 G - a phial of floods
 M - a box of beasts
Comestibles
 c - 39 rations


   Skills:
 + Level 10.2 Fighting
 - Level 8.0(12.4) Short Blades
 - Level 25.0(27) Dodging
 - Level 25.0(27) Stealth
 - Level 5.1(8.1) Shields
 - Level 11.0 Spellcasting
 - Level 9.8(14.1) Hexes
 - Level 2.0(5.3) Summonings
 - Level 3.0(6.8) Translocations
 - Level 2.7(6.4) Air Magic
 - Level 7.9(12.4) Evocations


You had 6 spell levels left.
You knew the following spells:

 Your Spells              Type           Power        Failure   Level  Hunger
a - Dazzling Spray        Conj/Hex       #####.       1%          3    None
b - Ensorcelled Hibernat  Hex/Ice        #####.       1%          2    None
c - Confuse               Hex            ######..     1%          3    None
d - Tukima's Dance        Hex            ######..     1%          3    None
e - Blink                 Tloc           N/A          1%          2    None
f - Confusing Touch       Hex            ######       0%          1    None
g - Invisibility          Hex            ######..     2%          6    ######.
h - Summon Mana Viper     Hex/Summ       ######..     2%          5    ####...
i - Summon Lightning Spi  Summ/Air       #####...     4%          4    #......
v - Summon Butterflies    Summ           #####...     1%          1    None
x - Passwall              Tmut/Erth      ###.....     6%          2    None
z - Apportation           Tloc           #####.       1%          1    None

Your spell library contained the following spells:

 Spells                   Type           Power        Failure   Level  Hunger
 Corona                   Hex            ######.      0%          1    None
 Shock                    Conj/Air       ####         1%          1    None
 Summon Small Mammal      Summ           ####         1%          1    None
 Call Imp                 Summ           #####...     1%          2    None
 Slow                     Hex            ######..     1%          2    None
 Swiftness                Chrm/Air       ####....     1%          2    None
 Call Canine Familiar     Summ           #####...     1%          3    None
 Gell's Gravitas          Tloc           #####.....   1%          3    None
 Inner Flame              Hex/Fire       #####...     1%          3    None
 Lesser Beckoning         Tloc           #####.....   1%          3    None
 Recall                   Summ/Tloc      N/A          1%          3    None
 Summon Guardian Golem    Hex/Summ       ######..     1%          3    None
 Fulminant Prism          Conj/Hex       #####.....   2%          4    #......
 Static Discharge         Conj/Air       ####....     3%          3    None
 Airstrike                Air            #####.....   3%          4    #......
 Animate Skeleton         Necr           N/A          4%          1    None
 Flame Tongue             Conj/Fire      ###..        4%          1    None
 Freeze                   Ice            ###.         4%          1    None
 Magic Dart               Conj           ###.         4%          1    None
 Sandblast                Erth           ###...       4%          1    None
 Mephitic Cloud           Conj/Pois/Air  ###.....     5%          3    None
 Searing Ray              Conj           ###...       6%          2    None
 Throw Flame              Conj/Fire      ###...       6%          2    None
 Throw Frost              Conj/Ice       ###...       6%          2    None
 Metabolic Englaciation   Hex/Ice        #####.....   7%          5    ####...
 Yara's Violent Unravell  Hex/Tmut       #####.....   8%          5    ####...
 Conjure Flame            Conj/Fire      ###.....     12%         3    None
 Ozocubu's Armour         Chrm/Ice       ###.....     12%         3    None
 Stone Arrow              Conj/Erth      ###...       12%         3    None
 Force Lance              Conj/Tloc      ####....     12%         4    #......
 Summon Forest            Summ/Tloc      #####.....   12%         5    ####...
 Summon Ice Beast         Ice/Summ       ####....     16%         4    #......
 Aura of Abjuration       Summ           #####.....   17%         5    ####...
 Summon Demon             Summ           #####.....   17%         5    ####...
 Lightning Bolt           Conj/Air       ####......   34%         5    ####...
 Ice Form                 Ice/Tmut       ###.....     38%         4    #......
 Iskenderun's Mystic Bla  Conj           ###.....     38%         4    #......
 Petrify                  Tmut/Erth      ###.....     38%         4    #......
 Sticky Flame             Conj/Fire      ###.....     38%         4    #......
 Throw Icicle             Conj/Ice       ###.....     38%         4    #......
 Shadow Creatures         Summ           N/A          67%         6    ######.
 Alistair's Intoxication  Tmut/Pois      ###.....     75%         5    ####...
 Fireball                 Conj/Fire      ###.......   75%         5    ####...
 Lee's Rapid Deconstruct  Erth           ###.......   75%         5    ####...
 Freezing Cloud           Conj/Ice/Air   ###.......   96%         6    ######.
 Bolt of Cold             Conj/Ice       ###.......   99%         6    ######.
 Ozocubu's Refrigeration  Ice            ###.......   99%         6    ######.
 Simulacrum               Ice/Necr       ###.......   99%         6    ######.


Dungeon Overview and Level Annotations

Branches:
Dungeon (15/15)            Temple (1/1) D:5            Lair (6/6) D:11
 Shoals (4/4) Lair:3        Snake (4/4) Lair:2        Slime (0/5) Lair:6
    Orc (2/2) D:10            Elf (0/3) Orc:2        Depths (5/5) D:15
    Zot (5/5) Depths:5
 Vaults: D:13-14

Altars:
Ashenzari
Cheibriados
Dithmenos
Elyvilon
Fedhas
Gozag
Hepliaklqana
Kikubaaqudgha
Makhleb
Nemelex Xobeh
Okawaru
Qazlal
Ru
Sif Muna
Trog
Uskayaw
Vehumet
Wu Jian
Xom
Yredelemnul
Zin
The Shining One
Jiyva

Shops:
D:4 %   D:10 :   D:11 }:%}   Orc:2 (=*[   Shoals:4 *   Depths:1 }}=
Depths:2 [

Portals:
Abyss: Depths:4

Annotations:
D:15 the Enchantress
Lair:3 exclusion: 4 oklob plants
Lair:5 exclusion: 3 oklob plants
Shoals:4 Nikola
Zot:3 1 transporter


Innate Abilities, Weirdness & Mutations

You are very small and have problems with some larger weapons.
You are too small for most types of armour.
You have supernaturally acute eyesight. (SInv)
You are a herbivore.
You cover ground extremely quickly.
You need to consume almost no food.
You are frail. (-10% HP)
You are resistant to electric shocks. (rElec)


Message History

Confirm with . or Enter, or press ? or * to list all spells.
Aiming: Apportation (safe; 1% risk of failure)
Press: ? - help, Dir - move target cursor Apport: the Orb of Zot The Orb shrieks as your magic touches it!
The lords of Pandemonium are not amused.
Beware!
Now pick up the Orb and get out of here!
Yoink!
You pull the item towards yourself.
An Orb Guardian comes into view.
The Orb Guardian completely misses you.
You hear a loud "Zot"!
The Orb Guardian closely misses your electric golem.
The Orb Guardian closely misses you.
The Orb Guardian hits your electric golem!!!
You now have 33/34 mp.
You pick up the Orb of Zot!
The Orb lets out a hideous shriek!
Now all you have to do is get back out of the dungeon!
The Orb Guardian barely misses you.
The Orb Guardian completely misses you. x2
The storm dragon bites your tentacled monstrosity!
The storm dragon claws your tentacled monstrosity!
The storm dragon tramples your tentacled monstrosity.
Your tentacled monstrosity holds its ground!
You hear a loud "Zot"!
An Orb Guardian comes into view.
The Orb Guardian hits your electric golem!!!
The Orb Guardian hits you!
Your electric golem hurls lightning at the Orb Guardian.
The bolt of lightning hits the Orb Guardian!!
The bolt of lightning hits the Orb Guardian!
The Orb Guardian dies!
The bolt of lightning hits your electric golem.
Your electric golem completely resists.
You take 12 damage, and have 56/94 hp.
Casting: Apportation (safe; 1% risk of failure)
Confirm with . or Enter, or press ? or * to list all spells.
You blink.
An Orb Guardian, 2 black draconians and a white draconian come into view.
You hear a loud "Zot"!
Your electric golem hits the Orb Guardian.
Your electric golem shocks the Orb Guardian!!
Your electric golem misses the Orb Guardian. x2
Your electric golem barely misses the Orb Guardian.
You now have 31/34 mp.
The Killer Klown throws klown pie at you.
The klown pie misses you.
The black draconian breathes lightning at you.
The bolt of lightning misses you.
The electric golem crackles and sizzles.
Unknown command.
Your surroundings suddenly seem different.
An orb of fire comes into view.
The orb of fire emits a lurid red light.
The bolt of fire hits the orb of fire.
The orb of fire completely resists.
The bolt of fire misses you.
An Orb Guardian comes into view. x3; An orb of fire comes into view.
The orb of fire glows deep purple.
Strange energies course through your body.
You feel frail.
The Killer Klown blinks!
Found a wand of iceblast (7) and a box of beasts. 2 orbs of fire and a red draconian come into view.
Really read
t - 3 scrolls of teleportation {!r}?
As you read the scroll of teleportation {!r}, it crumbles to dust.
You feel strangely unstable.
You feel the Orb delaying your translocation!
You feel yourself slow down.
The orb of fire glows red.
The bolt of fire misses you.
An orb of fire comes into view.
Unknown command.
As you read the scroll of fog, it crumbles to dust.
The scroll dissolves into smoke.
The orb of fire glows yellow.
The fireball explodes!
The fireball engulfs you! You resist.
* * * LOW HITPOINT WARNING * * *
The fireball engulfs the orb of fire.
The orb of fire completely resists.
The electric golem hurls lightning at you.
The bolt of lightning hits the orb of fire.
The orb of fire completely resists.
The bolt of lightning hits you! You resist.
* * * LOW HITPOINT WARNING * * *
The orb of fire glows deep purple.
The bolt of fire is repelled.
The Killer Klown blinks!
The electric golem hurls lightning at you.
The bolt of lightning hits the orb of fire.
The orb of fire completely resists.
The bolt of lightning misses you.
You take 24 damage, and have 33/84 hp.
MASSIVE DAMAGE!!
Unknown command.
The Orb Guardian completely misses you.
Found an uncursed staff of wizardry.
A Hell Sentinel comes into view.
The Orb Guardian completely misses you.
The ancient lich gestures wildly while chanting.
The ancient lich seems to speed up.
You feel yourself speed up. The Orb Guardian hits you!!
* * * LOW HITPOINT WARNING * * *
The Orb Guardian hits you but does no damage.
The Orb Guardian barely misses you. The Hell Sentinel gestures at you.
The sphere of damnation explodes!
The damnation engulfs you!!
You die...

▓▓▓............,,,,,,,**
▓▓....../....}...,,,,,,,** ▓▓****
▓................,,,,,,,,*
^.,,,**▓^.......^.......,,,,,,,,*
..,,,,*▓......^.........,,,,,,,**
..,,,,.▓...*{§§§§§......,,,,,,**
..,,,,d*{{*{{§*§§§......,,,,,**
,,,,,,,▓.d.{{§X*§§......,,,,,,**
,,,,..▓▓§.d§{§X*@§....^.,,,,,,,**
,,,..▓▓▓...§§§pX§§^^....,,,,,,,,*
▓▓▓▓▓▓▓#...^..§§........,,,,,,,,*
#########.....§§......|.,,,,,,,**
##########▓...........L.,,,,,,**
##########▓▓▓▓.1.......d,,,,,**
##########▓▓▓▓▓▓▓▓▓▓▓##8,,,,**
##########§§§§{.{...,,,,,,,,,**
########§§.§##......,,,,,,,,,,**


You could see 3 orbs of fire, a Killer Klown, a Hell Sentinel, an ancient lich,
a red draconian and 3 Orb Guardians.

Vanquished Creatures
  A Killer Klown (Zot:5)
  A golden dragon (Depths:5)
  An electric golem (Zot:3)
  A tentacled monstrosity (Zot:1)
  7 Orb Guardians (Zot:5)
  A quicksilver dragon (Zot:4)
  3 death cobs
  A shadow dragon (Zot:1)
  Kirke (Lair:6)
  A draconian monk (Zot:1)
  3 storm dragons
  A nagaraja (Snake:4)
  A frost giant (Depths:2)
  A draconian scorcher (Zot:5)
  2 draconian knights (Zot:1)
  An orc warlord (Orc:1)
  A draconian stormcaller (Zot:5)
  A spriggan defender (D:15)
  2 draconian annihilators (Depths:5)
  2 entropy weavers (Lair:6)
  2 stone giants (Depths:4)
  A black draconian (Abyss:3)
  A very ugly thing (Abyss:1)
  2 grey draconians (Depths:5)
  A dire elephant (Lair:6)
  4 green draconians (Zot:1)
  6 purple draconians
  4 white draconians
  2 red draconians
  6 yellow draconians
  An ettin (Depths:5)
  5 ice dragons
  4 fire dragons
  2 ogre magi
  3 hydras
  5 naga warriors
  5 catoblepae
  2 rakshasas
  2 spriggan air magi
  7 two-headed ogres
  3 centaur warriors
  2 anacondas
  A queen ant (Lair:6)
  3 deep troll shamans
  2 deep troll earth magi (Depths:5)
  4 tengu warriors
  5 death yaks
  5 orc high priests
  A spriggan berserker (Depths:5)
  4 naga sharpshooters (Snake:4)
  3 shock serpents
  A wretched star (Abyss:3)
  2 sixfirhies (Abyss:3)
  3 hell knights
  A wizard (D:15)
  A spatial maelstrom (Abyss:3)
  An unseen horror (D:9)
  2 shadow demons (Depths:4)
  A glowing orange brain (shapeshifter) (Depths:2)
  6 deep trolls (Depths:5)
  3 naga ritualists
  A harpy (shapeshifter) (D:15)
  4 orc knights
  A wolf spider (D:15)
  4 mana vipers
  2 orc sorcerers (D:15)
  2 deep elf magi
  A cyclops (D:15)
  2 salamanders
  2 manticores
  11 ugly things
  A large abomination (Abyss:3)
  4 moths of wrath
  9 black mambas
  8 naga magi
  9 elephants
  A spiny frog (shapeshifter) (D:14)
  10 spiny frogs
  4 rime drakes
  5 komodo dragons
  An efreet (D:14)
  3 kobold demonologists
  A merfolk (Shoals:3)
  A tengu conjurer (Depths:2)
  An anaconda simulacrum (Abyss:3)
  6 trolls
  A silent spectre (Abyss:1)
  Prince Ribbit (Lair:3)
  24 blink frogs
  10 hippogriffs
  2 hornets (D:11)
  9 dream sheep
  A raiju (Abyss:1)
  2 snapping turtles
  7 slime creatures
  A meliai zombie (D:14)
  A flying skull (Abyss:3)
  2 spriggans (D:15)
  A fire bat (Abyss:3)
  A shadow (D:9)
  A tarantella (shapeshifter) (Depths:2)
  95 yaks
  5 wyverns
  2 wraiths
  A vampire (D:13)
  A hungry ghost (D:8)
  Eustachio (D:5)
  A water elemental (Shoals:3)
  Grum (D:9)
  2 basilisks
  A steam dragon (D:8)
  A neqoxec (Abyss:3)
  5 hogs (Lair:6)
  A chaos spawn (Abyss:3)
  43 nagas
  A warg (Orc:2)
  4 acid dragons
  11 porcupines
  4 small abominations
  18 soldier ants (Lair:6)
  12 water moccasins
  Purgy (D:4)
  6 sky beasts
  3 ice beasts
  33 orc warriors
  6 phantoms
  4 black bears
  13 ogres
  An eye of draining (D:13)
  12 centaurs
  21 wolves
  2 big kobolds (D:9)
  20 crocodiles
  20 bullfrogs
  A wyvern skeleton (D:12)
  5 scorpions
  10 wights
  4 electric eels
  2 howler monkeys
  5 crimson imps
  2 centaur zombies
  A quasit (D:14)
  5 jellies
  19 orc priests
  10 hounds
  22 orc wizards
  2 bullfrog skeletons
  3 centaur skeletons
  A gnoll shaman (D:10)
  An iguana (shapeshifter) (Depths:4)
  2 iguanas
  Ijyb (D:4)
  21 worker ants
  2 human simulacra (D:14)
  A hound zombie (D:6)
  A worker ant zombie (D:10)
  8 gnolls
  8 adders
  2 shadow imps (D:11)
  A white imp (Abyss:3)
  An ufetubus (Abyss:2)
  5 adder skeletons
  3 worms
  2 dart slugs
  3 leopard geckos
  74 orcs
  A ball python (D:2)
  4 giant cockroaches
  2 gnoll zombies (D:6)
  9 goblins
  4 hobgoblins
  8 jackals
  5 quokkas
  9 bats
  3 frilled lizards
  A goblin zombie (D:7)
  A hobgoblin zombie (Ossuary)
  12 kobolds
  A quokka skeleton (D:7)
  A quokka zombie (D:7)
  9 rats
960 creatures vanquished.

Vanquished Creatures (collateral kills)
  A tentacled monstrosity (Zot:2)
  An Orb Guardian (Zot:5)
  2 quicksilver dragons (Depths:5)
  6 wights (D:10)
10 creatures vanquished.

Vanquished Creatures (others)
  A deep troll earth mage (Depths:5)
  A manticore (Shoals:4)
  A cyclops (Shoals:4)
  A dancing weapon (D:10)
  A wyvern (D:14)
  A howler monkey (D:12)
  A jelly (D:14)
  An iron imp (Abyss:3)
  A small abomination (Abyss:1)
  An orc (Orc:2)
  8 fungi
  8 plants
  4 starspawn tentacles (Abyss:3)
30 creatures vanquished.

Grand Total: 1000 creatures vanquished

Notes
Turn   | Place    | Note
-------+----------+-------------------------------------------
     0 | D:1      | Monsterracer the Spriggan Enchanter began the quest for the
                  | Orb.
     0 | D:1      | Reached XP level 1. HP: 9/9 MP: 5/5
   158 | D:1      | Reached XP level 2. HP: 10/13 MP: 7/7
   162 | D:1      | Learned a level 2 spell: Ensorcelled Hibernation
  1031 | D:1      | Reached XP level 3. HP: 16/16 MP: 9/9
  1130 | D:2      | Found a hide-covered altar of Uskayaw.
  1141 | D:2      | Reached skill level 5 in Stealth
  1232 | D:1      | HP: 5/16 [gnoll/+0 flail (8)]
  1331 | D:1      | Reached XP level 4. HP: 11/21 MP: 0/11
  1424 | D:1      | Learned a level 3 spell: Confuse
  1428 | D:1      | Learned a level 3 spell: Dazzling Spray
  1441 | D:2      | HP: 9/21 [gnoll/+0 spear (10)]
  1888 | D:2      | Found an ancient bone altar of Kikubaaqudgha.
  2768 | D:3      | Found a faded altar of an unknown god.
  2956 | D:3      | Found an iron altar of Okawaru.
  3149 | D:3      | Reached XP level 5. HP: 13/24 MP: 6/12
  3332 | D:3      | Learned a level 3 spell: Tukima's Dance
  3787 | D:4      | Noticed Ijyb
  3794 | D:4      | Killed Ijyb
  4116 | D:4      | Reached skill level 5 in Spellcasting
  4261 | D:4      | Found Adwogh's Food Boutique.
  4265 | D:4      | Noticed Purgy
  4311 | D:4      | HP: 11/24 [Purgy (4)]
  4315 | D:4      | Killed Purgy
  4315 | D:4      | Reached XP level 6. HP: 14/28 MP: 5/15
  4568 | D:4      | Reached skill level 5 in Hexes
  4768 | D:5      | Entered Level 5 of the Dungeon
  4772 | D:5      | Noticed Eustachio
  4787 | D:5      | HP: 10/28 [white imp/puff of frost[Eustachio] (5)]
  4789 | D:5      | Killed Eustachio
  4802 | D:5      | Reached XP level 7. HP: 9/32 MP: 1/17
  5324 | D:5      | HP: 16/32 [poisoned by a worker ant]
  5489 | D:5      | Found a snail-covered altar of Cheibriados.
  5541 | D:5      | Found a staircase to the Ecumenical Temple.
  5563 | Temple   | Entered the Ecumenical Temple
  5566 | Temple   | Learned a level 1 spell: Confusing Touch
  5614 | Temple   | Became a worshipper of Ashenzari the Shackled
  5780 | D:5      | Found an ornate altar of the Wu Jian Council.
  6148 | D:6      | Found a basalt altar of Yredelemnul.
  6185 | D:6      | Found a deep blue altar of Sif Muna.
  6209 | D:6      | Identified Sif Muna's Handbook of Dark Arts
  6212 | D:6      | HP: 11/32 [orc wizard/magic dart (6)]
  6213 | D:6      | HP: 3/32 [orc wizard/puff of flame (8)]
  6754 | D:6      | Found a sparkling altar of Nemelex Xobeh.
  7218 | D:7      | Reached XP level 8. HP: 23/36 MP: 3/20
  7232 | D:6      | HP: 18/36 [poisoned by an adder]
  7410 | D:7      | Found a sand-covered staircase.
  7419 | D:7      | Found the amulet of the Air {Inacc +Fly rElec EV+5 RMsl}
  7457 | Ossuary  | Entered an ossuary
  7502 | Ossuary  | HP: 18/36 [centaur zombie (3)]
  7511 | Ossuary  | HP: 11/36 [big kobold zombie (2)]
  7890 | D:7      | Reached skill level 5 in Short Blades
  8642 | D:8      | Reached XP level 9. HP: 28/39 MP: 7/23
  9481 | D:8      | Reached skill level 10 in Spellcasting
  9688 | D:9      | Found a burning altar of Makhleb.
  9689 | D:9      | Reached skill level 10 in Stealth
  9706 | D:9      | Noticed Grum
  9724 | D:9      | Found a sacrificial altar of Ru.
  9733 | D:9      | Reached skill level 1 in Fighting
  9907 | D:9      | Killed Grum
 10134 | D:9      | Reached skill level 5 in Dodging
 10146 | D:9      | Reached XP level 10. HP: 46/46 MP: 21/25
 10224 | D:9      | Noticed a two-headed ogre
 10241 | D:9      | Killed a two-headed ogre
 10241 | D:9      | Reached skill level 1 in Evocations
 10440 | D:9      | Reached * piety under Ashenzari
 11089 | D:9      | Noticed an unseen horror
 11098 | D:9      | Killed an unseen horror
 11155 | D:9      | Got the cursed morningstar of Kindness {crush, rPois Int+6}
 11160 | D:9      | Learned a level 2 spell: Blink
 11216 | D:9      | Noticed a tengu warrior
 11219 | D:9      | Killed a tengu warrior
 11219 | D:9      | Reached skill level 1 in Translocations
 11345 | D:9      | Found a hazy altar of Hepliaklqana.
 11346 | D:9      | Found a shadowy altar of Dithmenos.
 11401 | D:10     | Entered Level 10 of the Dungeon
 11401 | D:10     | Found Liufuec's Book Shoppe.
 11740 | D:10     | Reached skill level 1 in Shields
 11861 | D:9      | HP: 22/49 [orc wizard/magic dart (8)]
 12106 | D:10     | Found a staircase to the Orcish Mines.
 12169 | D:10     | HP: 19/49 [yak (12)]
 12194 | D:10     | Reached XP level 11. HP: 23/52 MP: 1/26
 12483 | D:10     | Found a shimmering altar of Xom.
 13190 | D:10     | Reached ** piety under Ashenzari
 13196 | D:10     | Noticed a two-headed ogre
 13203 | D:10     | Killed a two-headed ogre
 13328 | D:10     | Identified the cursed +1 morningstar of Kindness {crush,
                  | rPois Int+6} (You found it on level 9 of the Dungeon)
 13555 | D:11     | Noticed a two-headed ogre
 13573 | D:10     | Killed a two-headed ogre
 13573 | D:10     | Reached skill level 5 in Evocations
 13785 | D:11     | Noticed a white ugly thing
 13789 | D:11     | Noticed a six-headed hydra
 13890 | D:11     | Noticed a two-headed ogre
 13896 | D:11     | Killed a two-headed ogre
 13968 | D:11     | Killed a white ugly thing
 14033 | D:11     | Found Unluj's Gadget Shop.
 14041 | D:11     | Bought a wand of digging (3) for 182 gold pieces
 14041 | D:11     | Bought a wand of digging (5) for 234 gold pieces
 14124 | D:11     | Found Mauqo's Book Emporium.
 14249 | D:11     | Found Waqoch's Food Shop.
 14379 | D:11     | Found Istre's Gadget Shop.
 14393 | D:11     | Found a staircase to the Lair.
 14578 | D:11     | Found Kuenig's Book Boutique.
 15088 | Lair:1   | Entered Level 1 of the Lair of Beasts
 15094 | Lair:1   | Reached skill level 10 in Dodging
 15170 | Lair:1   | Reached XP level 12. HP: 52/58 MP: 12/27
 15656 | Lair:1   | Reached *** piety under Ashenzari
 16100 | Lair:1   | Noticed an eight-headed hydra
 16111 | Lair:1   | Killed an eight-headed hydra
 16111 | Lair:1   | Reached skill level 5 in Fighting
 16476 | Lair:2   | Noticed a five-headed hydra
 16504 | Lair:2   | Killed a five-headed hydra
 16913 | Lair:2   | Found a staircase to the Snake Pit.
 16961 | Lair:2   | Reached skill level 5 in Shields
 16992 | Lair:2   | Reached skill level 15 in Stealth
 17381 | Lair:2   | Reached **** piety under Ashenzari
 17525 | Lair:2   | Noticed a four-headed hydra
 17550 | Lair:2   | Killed a four-headed hydra
 18077 | Lair:3   | Found a staircase to the Shoals.
 18230 | Lair:3   | Noticed Prince Ribbit
 18241 | Lair:3   | Killed Prince Ribbit
 18241 | Lair:3   | Reached XP level 13. HP: 49/65 MP: 18/28
 18848 | Lair:3   | Found the ring of Robustness {AC+8}
 19360 | Lair:4   | Identified a scroll of acquirement
 19360 | Lair:4   | Identified the cursed +9 dagger "Uchell" {vamp, *Rage rElec
                  | rF+++ Dex-5} (You acquired it on level 4 of the Lair of
                  | Beasts)
 20468 | Lair:5   | Reached ***** piety under Ashenzari
 21415 | Lair:5   | Reached skill level 15 in Dodging
 21679 | Lair:6   | Entered Level 6 of the Lair of Beasts
 21979 | Lair:6   | Found a staircase to the Slime Pits.
 21980 | Lair:6   | Found a viscous altar of Jiyva.
 21984 | Lair:6   | Reached XP level 14. HP: 72/72 MP: 29/29
 22940 | Lair:6   | Noticed Kirke
 22943 | Lair:6   | Identified the ring of the Three Shrikes {+Blink rPois
                  | Dex+2}
 23785 | Lair:6   | Noticed an entropy weaver
 23795 | Lair:6   | Killed an entropy weaver
 23924 | Lair:6   | Noticed an entropy weaver
 23971 | Lair:6   | Killed an entropy weaver
 23992 | Lair:6   | Killed Kirke
 24536 | Orc:1    | Entered Level 1 of the Orcish Mines
 24541 | Orc:1    | Found a bloodstained altar of Trog.
 24603 | D:11     | Bought a book of Party Tricks for 700 gold pieces
 24605 | D:11     | Learned a level 1 spell: Apportation
 24607 | D:11     | Learned a level 1 spell: Summon Butterflies
 24614 | D:11     | Learned a level 6 spell: Invisibility
 24614 | D:11     | Upgraded the game from 0.23.0 to 0.23.0-2-g0fe3ce5
 24736 | Lair:3   | HP: 32/72 [oklob plant/splash of acid (18)]
 25288 | Orc:2    | Entered Level 2 of the Orcish Mines
 25645 | Orc:2    | Found Dif Bol's Antique Weapon Shoppe.
 26638 | Orc:2    | Found Perelyu's Antique Armour Shop.
 26638 | Orc:2    | Noticed an orc warlord
 26682 | Orc:1    | Killed an orc warlord
 26682 | Orc:1    | Reached skill level 1 in Summonings
 26913 | Orc:2    | Found Ossir's General Store.
 26921 | Orc:2    | Bought a scroll of fear for 45 gold pieces
 26921 | Orc:2    | Bought a scroll of remove curse for 39 gold pieces
 26921 | Orc:2    | Bought a scroll of enchant weapon for 97 gold pieces
 27043 | Orc:2    | Found a staircase to the Elven Halls.
 27077 | Orc:2    | Reached XP level 15. HP: 77/77 MP: 3/30
 27293 | Orc:2    | Found Tokhlak's Jewellery Boutique.
 27955 | Orc:2    | Bought a wand of acid (9) for 338 gold pieces
 28087 | Snake:1  | Entered Level 1 of the Snake Pit
 28858 | Snake:3  | Reached ****** piety under Ashenzari
 29129 | Snake:4  | Entered Level 4 of the Snake Pit
 29129 | Snake:4  | Identified the cursed +1 mace of Anxiety {speed, rF+ Int+4}
 29736 | Snake:4  | Noticed a nagaraja
 30061 | Snake:4  | HP: 33/79 [salamander (14)]
 30067 | Snake:4  | HP: 34/79 [poisoned by a naga (splash of poison)]
 30073 | Snake:4  | HP: 36/79 [poisoned by a naga (splash of poison)]
 30080 | Snake:4  | HP: 37/79 [poisoned by a naga (splash of poison)]
 30087 | Snake:4  | HP: 39/79 [poisoned by a naga (splash of poison)]
 30237 | Snake:4  | Killed a nagaraja
 30359 | Snake:4  | Noticed a nagaraja
 30370 | Snake:4  | Noticed a nagaraja
 30376 | Snake:4  | Noticed a nagaraja
 30450 | Snake:4  | HP: 35/79 [mana viper (5)]
 30742 | Snake:4  | Got a serpentine rune of Zot
 30995 | Shoals:1 | Entered Level 1 of the Shoals
 31148 | Shoals:4 | Entered Level 4 of the Shoals
 31165 | Shoals:4 | Found Jaeruexi's Assorted Antiques.
 31176 | Shoals:4 | Bought a scroll labeled EGARUL ISAYRGH for 39 gold pieces
 31178 | Shoals:4 | Noticed Nikola
 31183 | Shoals:4 | Noticed a frost giant
 31188 | Shoals:4 | Got a barnacled rune of Zot
 31586 | D:12     | HP: 37/79 [two-headed ogre/+0 giant club (16)]
 32691 | D:15     | Entered Level 15 of the Dungeon
 32722 | D:15     | Reached XP level 16. HP: 82/84 MP: 17/31
 32843 | D:15     | Identified the +9 flail of Doom {venom, Fragile rN+ MR+
                  | Dex+7}
 33227 | D:15     | Reached skill level 10 in Fighting
 33527 | D:15     | Found a staircase to the Depths.
 33567 | Depths:1 | Entered Level 1 of the Depths
 33569 | Depths:1 | Identified the +6 faerie dragon scales {MR- rCorr Str+3
                  | Int+5}
 33569 | Depths:1 | Noticed the Enchantress
 33595 | D:15     | HP: 42/85 [spriggan defender/+0 demon whip of pain[the
                  | Enchantress] (16)]
 33729 | D:15     | HP: 41/85 [spriggan defender/+3 lajatang of pain[the
                  | Enchantress] (2)]
 33745 | D:14     | HP: 23/85 [spriggan defender/+3 lajatang of pain[the
                  | Enchantress] (25)]
 34014 | Depths:1 | HP: 32/85 [spriggan air mage/the air[the Enchantress] (15)]
 34309 | Depths:1 | Found Ihauv's Gadget Shop.
 34311 | Depths:1 | Found Exkupt's Jewellery Emporium.
 34311 | Depths:1 | Found Lomaj's Gadget Shop.
 34975 | Depths:2 | Found Ahim's Armour Emporium.
 35497 | Depths:4 | Found a one-way gate to the infinite horrors of the Abyss.
 35501 | Depths:4 | Voluntarily entered the Abyss.
 35690 | Abyss:3  | Found a deep blue altar of Sif Muna.
 35690 | Abyss:3  | Found a radiant altar of Vehumet.
 35690 | Abyss:3  | Found a burning altar of Makhleb.
 35690 | Abyss:3  | Found an opulent altar of Gozag.
 35690 | Abyss:3  | Found a hide-covered altar of Uskayaw.
 35690 | Abyss:3  | Found a basalt altar of Yredelemnul.
 35691 | Abyss:3  | Found a shimmering altar of Xom.
 35691 | Abyss:3  | Found a white marble altar of Elyvilon.
 35691 | Abyss:3  | Found a snail-covered altar of Cheibriados.
 35691 | Abyss:3  | Found a hazy altar of Hepliaklqana.
 35691 | Abyss:3  | Noticed a lich
 35692 | Abyss:3  | Found an ancient bone altar of Kikubaaqudgha.
 35787 | Abyss:3  | Noticed a tentacled starspawn
 35920 | Abyss:3  | Noticed an Executioner
 36014 | Depths:4 | Escaped the Abyss
 36016 | Depths:4 | Voluntarily entered the Abyss.
 36227 | Abyss:1  | Noticed a bone dragon
 36276 | Abyss:1  | Noticed a tentacled starspawn
 36317 | Abyss:2  | Found a corrupted altar of Lugonu.
 36361 | Abyss:2  | Noticed an ancient lich
 36376 | Abyss:3  | Found a corrupted altar of Lugonu.
 36633 | Abyss:3  | Noticed a tentacled starspawn
 36816 | Abyss:3  | Noticed a tentacled starspawn
 36832 | Abyss:3  | Noticed a tentacled starspawn
 37042 | Abyss:3  | Found a corrupted altar of Lugonu.
 37106 | Abyss:3  | Found a glowing golden altar of the Shining One.
 37113 | Abyss:3  | Noticed a juggernaut
 37118 | Abyss:3  | Got an abyssal rune of Zot
 37120 | Abyss:3  | HP: 32/85 [cherub/+4 falchion of flaming (15)]
 37129 | Abyss:3  | HP: 41/85 [ophan] (8)]
 37178 | Depths:4 | Escaped the Abyss
 37480 | Depths:5 | Entered Level 5 of the Depths
 37663 | Depths:5 | HP: 38/85 [deep troll earth mage (23)]
 37668 | Depths:5 | Identified the +4 chain mail "Tihamnoi" {Int+4}
 37976 | Depths:5 | Identified the +0 ring mail "Uvaa" {Slay+2}
 38041 | Depths:5 | HP: 12/85 [purple draconian/bolt of dispelling energy (35)]
 38057 | Depths:5 | Reached XP level 17. HP: 74/89 MP: 26/32
 38229 | Depths:5 | Noticed a quicksilver dragon
 38277 | Depths:5 | Learned a level 5 spell: Summon Mana Viper
 38291 | Depths:5 | Killed a quicksilver dragon
 38297 | Depths:5 | Learned a level 4 spell: Summon Lightning Spire
 38346 | Depths:5 | Reached skill level 1 in Air Magic
 38447 | Depths:5 | Noticed a golden dragon
 38514 | Depths:5 | Killed a golden dragon
 38809 | Depths:5 | Found a gate to the Realm of Zot.
 38818 | Zot:1    | Entered Level 1 of the Realm of Zot
 38818 | Zot:1    | Noticed a tentacled monstrosity
 38820 | Zot:1    | Killed a tentacled monstrosity
 39191 | Zot:1    | Noticed a quicksilver dragon
 39635 | Depths:5 | Killed a quicksilver dragon
 40426 | Zot:3    | Noticed a quicksilver dragon
 40426 | Zot:3    | Noticed a tentacled monstrosity
 40426 | Zot:3    | Noticed a curse toe
 40426 | Zot:3    | Noticed a quicksilver dragon
 40426 | Zot:3    | Noticed a quicksilver dragon
 40434 | Zot:2    | Noticed an electric golem
 40435 | Zot:2    | Noticed a tentacled monstrosity
 40441 | Zot:3    | Noticed an electric golem
 40443 | Zot:3    | Noticed a tentacled monstrosity
 40500 | Zot:3    | Killed an electric golem
 40706 | Zot:2    | Killed a tentacled monstrosity
 40784 | Zot:3    | Noticed a curse toe
 40790 | Zot:3    | Learned a level 2 spell: Passwall
 40804 | Zot:3    | Noticed a golden dragon
 40807 | Zot:3    | Noticed an orb of fire
 40860 | Zot:3    | Noticed a golden dragon
 40872 | Zot:3    | Found a transporter.
 40877 | Zot:3    | Identified the ring "Xefiuph" {rElec rPois rC+ Int-2}
 40877 | Zot:3    | Identified the amulet of the Aged Souls {RegenMP rF+ rC+}
 40919 | Zot:4    | Noticed a golden dragon
 40919 | Zot:4    | Noticed a quicksilver dragon
 40920 | Zot:4    | Killed a quicksilver dragon
 41026 | Zot:4    | Noticed a tentacled monstrosity
 41031 | Zot:5    | Entered Level 5 of the Realm of Zot
 41031 | Zot:5    | Noticed a Killer Klown
 41034 | Zot:5    | Killed a Killer Klown
 41034 | Zot:5    | Reached XP level 18. HP: 93/93 MP: 34/34
 41083 | Zot:5    | Noticed an Orb Guardian
 41083 | Zot:5    | Noticed an Orb Guardian
 41083 | Zot:5    | Noticed an Orb Guardian
 41120 | Zot:5    | Killed an Orb Guardian
 41130 | Zot:5    | HP: 27/93 [Orb Guardian (39)]
 41138 | Zot:5    | Killed an Orb Guardian
 41144 | Zot:5    | Killed an Orb Guardian
 41424 | Zot:5    | Noticed an Orb Guardian
 41424 | Zot:5    | Noticed an Orb Guardian
 41427 | Zot:5    | Noticed an ancient lich
 41429 | Zot:5    | Noticed an electric golem
 41430 | Zot:5    | Killed an Orb Guardian
 41431 | Zot:5    | Killed an Orb Guardian
 41435 | Zot:5    | Noticed an orb of fire
 41435 | Zot:5    | Noticed an ancient lich
 41451 | Zot:5    | Noticed an Orb Guardian
 41451 | Zot:5    | Noticed an Orb Guardian
 41456 | Zot:5    | Noticed an orb of fire
 41456 | Zot:5    | Noticed an ancient lich
 41457 | Zot:5    | Noticed a Killer Klown
 41458 | Zot:5    | Killed an Orb Guardian
 41459 | Zot:5    | Killed an Orb Guardian
 41470 | Zot:5    | Noticed an electric golem
 41476 | Zot:5    | Noticed an electric golem
 41486 | Zot:5    | Gained mutation: You are resistant to electric shocks.
                  | (rElec) [mutagenic glow]
 41488 | Zot:5    | Noticed an orb of fire
 41488 | Zot:5    | Noticed an Orb Guardian
 41488 | Zot:5    | Noticed an orb of fire
 41489 | Zot:5    | Noticed an Orb Guardian
 41489 | Zot:5    | Noticed a Killer Klown
 41490 | Zot:5    | Noticed an Orb Guardian
 41491 | Zot:5    | Noticed an Orb Guardian
 41492 | Zot:5    | Noticed an Orb Guardian
 41492 | Zot:5    | Noticed an Orb Guardian
 41498 | Zot:5    | Noticed an Orb Guardian
 41499 | Zot:5    | Noticed an Orb Guardian
 41499 | Zot:5    | Noticed an Orb Guardian
 41499 | Zot:5    | Noticed an Orb Guardian
 41499 | Zot:5    | Noticed an Orb Guardian
 41500 | Zot:5    | Noticed an Orb Guardian
 41501 | Zot:5    | Got the Orb of Zot
 41501 | Zot:5    | Noticed an Orb Guardian
 41501 | Zot:5    | Killed an Orb Guardian
 41502 | Zot:5    | Noticed an Orb Guardian
 41504 | Zot:5    | Noticed an Orb Guardian
 41504 | Zot:5    | Noticed an Orb Guardian
 41504 | Zot:5    | Noticed an Orb Guardian
 41504 | Zot:5    | Gained mutation: You are frail. (-10% HP) [an orb of fire]
 41505 | Zot:5    | Noticed an orb of fire
 41505 | Zot:5    | Noticed an orb of fire
 41505 | Zot:5    | Noticed an orb of fire
 41505 | Zot:5    | Noticed an orb of fire
 41505 | Zot:5    | Noticed an orb of fire
 41506 | Zot:5    | HP: 40/84 [orb of fire/fireball (17)]
 41509 | Zot:5    | Noticed a Hell Sentinel
 41510 | Zot:5    | HP: 15/84 [Orb Guardian (18)]
 41510 | Zot:5    | Killed from afar by a Hell Sentinel

Skill      XL: |  1  2  3  4  5  6  7  8  9 10 11 12 13 14 15 16 17 18 |
---------------+-------------------------------------------------------+-----
Spellcasting   | 3 4 5 6 7 9 10 11 | 11.0
Hexes          | 4 5 6 7 8 9 |  9.8
Stealth        | 5 6 7 9 10 11 13 15 18 20 21 24 25 | 25.0
Short Blades   | 2 3 4 5 7 8 |  8.0
Fighting       | 2 3 4 5 7 8 9 10 | 10.2
Dodging        | 5 7 10 12 15 17 19 21 24 25 | 25.0
Evocations     | 4 6 7 |  7.9
Translocations | 2 3 |  3.0
Shields        | 2 3 5 |  5.1
Summonings     | 1 2 |  2.0
Air Magic      | 2 |  2.7

Action                   |  1- 3 |  4- 6 |  7- 9 | 10-12 | 13-15 | 16-18 || total
-------------------------+-------+-------+-------+-------+-------+-------++-------
Melee: Dagger            |    56 |   237 |   269 |   610 |  1075 |   554 ||  2801
 Cast: Corona            |     2 |    19 |     3 |       |       |       ||    24
       Ensorcelled Hiber |     9 |    39 |    98 |   260 |   500 |    91 ||   997
       Dazzling Spray    |       |     4 |     6 |     1 |   113 |    38 ||   162
       Confuse           |       |       |    10 |    23 |    19 |    43 ||    95
       Tukima's Dance    |       |       |       |     7 |       |       ||     7
       Apportation       |       |       |       |       |    21 |    22 ||    43
       Confusing Touch   |       |       |       |       |    11 |    22 ||    33
       Blink             |       |       |       |       |     2 |     9 ||    11
       Summon Butterflie |       |       |       |       |       |     7 ||     7
       Invisibility      |       |       |       |       |       |     4 ||     4
       Summon Mana Viper |       |       |       |       |       |    18 ||    18
       Summon Lightning  |       |       |       |       |       |    17 ||    17
Invok: Curse Item        |       |       |     4 |     2 |     4 |     1 ||    11
       Scrying           |       |       |       |       |       |     4 ||     4
Evoke: Wand              |       |       |       |       |     1 |     7 ||     8
       Phial of floods   |       |       |       |       |       |     1 ||     1
       Lamp of fire      |       |       |       |       |       |     1 ||     1
  Use: Scroll            |       |       |    10 |     7 |    18 |    18 ||    53
       Potion            |       |       |     2 |       |     1 |     6 ||     9
 Stab: Sleeping          |    20 |    23 |    65 |   177 |   314 |    81 ||   680
       Invisible         |       |     2 |     2 |     1 |    48 |    23 ||    76
       Confused          |       |       |     9 |    14 |    20 |    41 ||    84
       Distracted        |       |       |       |     3 |    10 |     7 ||    20
       Petrified         |       |       |       |       |     2 |       ||     2
       Petrifying        |       |       |       |       |     1 |       ||     1
  Eat: Ration            |       |     2 |     3 |     4 |     7 |    10 ||    26
Armor: Robe              |     1 |    24 |    15 |     7 |    12 |    42 ||   101
       Troll leather arm |       |       |       |       |    33 |     7 ||    40
Dodge: Dodged            |    27 |   238 |   226 |   332 |   829 |   544 ||  2196
       Deflected         |       |       |     1 |     4 |    27 |    13 ||    45
Block: Buckler           |       |       |       |   125 |   317 |   175 ||   617
       Reflection        |       |       |       |     1 |    35 |    11 ||    47

Levels and vault maps discovered:
D:1:      dpeg_arrival_subterranean_lakeside_camping, layout_loops_corners,
          minmay_pentomino_v2
D:2:      layout_basic, kiku_gazebo_garden_becter,
          eat_drink_and_be_merry_uskayaw
D:3:      layout_loops_ring, okawaru_trees_2, chequers_ecumenical_altar_island,
          minmay_crystal_water
D:4:      layout_basic, serial_shops, nicolae_shop_waterfront, first_ration,
          uniq_purgy, uniq_ijyb
D:5:      layout_loops_ring, lemuel_round_altar, marbit_many_paths,
          minmay_temple_entry_slanted, uniq_eustachio
D:6:      layout_cave_pools, nemelex_xobeh_ov_fountains_minmay,
          lemuel_zombie_altar_yredelemnul, led_sif_book
D:7:      layout_gridville, enter_ossuary_4, grunt_ogre_cave
D:8:      layout_cave_pools, minmay_crossroads
D:9:      minmay_tri_box, layout_small_grid, lemuel_crystal_altar, minitemple,
          kennysheep_mini_moat, uniq_grum
D:10:     layout_irregular_city, orc_0_dummy, basic_altar, serial_shops, shop
D:11:     layout_stronghold, erik_lair_island, serial_shops, shop_fountains,
          shop, nicolae_shop_competitors_out_of_business, shop_fountains, shop
D:12:     layout_irregular_city, gammafunk_ghost_nasty_kobolds,
          chequers_serial_rivers_room_b, kennysheep_generic_room_7
D:13:     layout_loops_corners, david_vaults_5
D:14:     layout_loops_ring, kennysheep_path_1, bh_circular_ruins
D:15:     grunt_enter_depths_magical_seal, layout_basic, minmay_misc_feat_tower
Temple:   eino_temple_lava
Lair:1:   layout_long_grid
Lair:2:   cheibrodos_lair_river_kwai, layout_small_grid,
          minmay_snake_entry_guardpost_medium, grunt_megastairs_5,
          serial_bayou_shore_a
Lair:3:   layout_hall_layers, minmay_shoals_entry_centaurs, serial_bayou_pond_a,
          grunt_megastairs_1, lemuel_fruit_tree, serial_bayou_shore_b,
          minmay_lair_oklob_chamber, uniq_prince_ribbit2
Lair:4:   layout_loops_ring, st_stairs_4, serial_bayou_pond_b,
          nicolae_quartered_pool_medium
Lair:5:   beast_lair_carwin_large_3, layout_long_grid, dpeg_oklob_1,
          serial_bayou_shore_b
Lair:6:   grunt_lair_end_beastmaster, layout_small_grid, slime_altar_1,
          grunt_forest_small_clearings, zaba_antful_of_joy, uniq_kirke
Shoals:1: layout_shoals, centaur_isle
Shoals:2: nzn_motion_control, layout_shoals
Shoals:3: layout_shoals
Shoals:4: shoals_end_grunt_ice, layout_shoals, portal_ice_cave_entry_dragon,
          serial_shops, shop, nicolae_shoals_kraken_intersection, uniq_nikola
Snake:1:  layout_grid_shapes, basic_altar
Snake:2:  nicolae_snake_nest, layout_cave_shapes, ebering_ghost_gozag,
          serial_bayou_shore_b, uniq_vashnia
Snake:3:  layout_gridlike
Snake:4:  minmay_snake_end_coiled, layout_cave_town, nicolae_snake_single_loop,
          minmay_snake_pond
Orc:1:    layout_diamond_mine, bloody_trog
Orc:2:    grunt_orc_gardens, layout_caves, grunt_orc_garden, grunt_orc_garden,
          grunt_orc_garden, grunt_orc_garden
Depths:1: gammafunk_its_a_trap, layout_cave_shapes, pan_entry, hell_entry,
          nrook_pool_corridor, minivault_22, evilmike_minifort,
          minmay_shop_grove, firewood_loft, uniq_enchantress, uniq_saint_roka
Depths:2: giant_chief_lemuel, layout_cave_pools, enter_ziggurat_e, serial_shops,
          shop, hangedman_decor_push, hell_entry, st_stairs_5,
          infiniplex_staircase_zigzag_2
Depths:3: grunt_profane_halls [grunt_profane_temple_geh,
          grunt_profane_temple_dis, grunt_profane_temple_coc,
          grunt_profane_temple_tar, grunt_profane_loot], serial_shops,
          pan_entry, abyss_entry, hell_entry, uniq_xtahua, uniq_frederick,
          uniq_asterion
Depths:4: hangedman_box_tower, layout_gridville, abyss_entry_small_statue_room,
          serial_shops, shop, shop, lightli_too_deep, chequers_decorated_corner,
          nrook_kobold_shadow_demons
Depths:5: evilmike_zot_entry_gauntlet, layout_basic, minmay_room_of_horrors,
          serial_shops, bzr_entry_dummy, shop, shop_fountains,
          hangedman_geh_valley, ploomutoo_gammafunk_ghost_potion_laboratory,
          grunt_megastairs_2, serial_bayou_shore_b
Zot:1:    layout_basic, grunt_megastairs_3
Zot:2:    layout_gridlike
Zot:3:    gammafunk_dig_for_victory, layout_onion_interference,
          ebering_ghost_gozag, st_small_dragon_hoard_4, hangedman_hellfire_club
Zot:4:    layout_misc_corridors, zot_minivault_1
Zot:5:    layout_basic, grunt_ministairs_5, bh_zot_ikea_curve
Abyss:1
Abyss:2:  evilmike_abyss_exit_plants
Abyss:3:  hangedman_shadowy_showcase
Abyss:4:  evilmike_abyss_exit_17
Ossuary:  ossuary_the_hunt_dpeg
